 Dungeon Crawl Stone Soup version 0.31-a0-23-gcbde74481b (webtiles) character file.

Game seed: 6559595300980116418

4853 pk666 the Thaumaturge (level 10, -3/50 HPs)
             Began as a Deep Elf Hedge Wizard on May 14, 2023.
             Was a Follower of Vehumet.
             Slain by a manticore (9 damage)
             ... on level 8 of the Dungeon.
             The game lasted 00:41:28 (12597 turns).

pk666 the Thaumaturge (Deep Elf Hedge Wizard)      Turns: 12597, Time: 00:41:29

Health: -3/50      AC:  3    Str:  7    XL:     10   Next: 25%
Magic:  0/26       EV: 15    Int: 24    God:    Vehumet [*.....]
Gold:   476        SH:  0    Dex: 14    Spells: 24/30 levels left

rFire   + . .        a - +0 dagger
rCold   + + .        (no shield)
rNeg    . . .        g - +0 robe {rC+}
rPois   .            c - +0 hat
rElec   .            C - scarf {rC+ rF+}
rCorr   .            B - +0 pair of gloves
SInv    .            (no boots)
Will    ++...        l - amulet of guardian spirit
Stlth   ++           j - ring of willpower
HPRegen 0.28/turn    (no ring)
MPRegen 0.20/turn

%: guardian spirit
@: no status effects
A: no striking features
a: Renounce Religion


You were on level 8 of the Dungeon.
You worshipped Vehumet.
Vehumet was aware of your devotion.
You visited 2 branches of the dungeon, and saw 10 of its levels.

You collected 476 gold pieces.

Inventory:

Hand Weapons
 a - a +0 dagger (weapon)
Armour
 c - a +0 hat (worn)
 g - a +0 robe of cold resistance (worn)
 B - a +0 pair of gloves (worn)
 C - a scarf of resistance (worn)
Jewellery
 b - a +6 ring of dexterity
 j - a ring of willpower (left hand)
 l - an amulet of guardian spirit (around neck)
Scrolls
 e - a scroll of fear {unknown}
 f - 2 scrolls of acquirement {unknown}
 h - a scroll of torment {unknown}
 i - 3 scrolls of brand weapon {unknown}
 k - a scroll of identify
 m - 2 scrolls of enchant armour {unknown}
 o - a scroll of fog {unknown}
 p - 3 scrolls of teleportation
 q - a scroll of magic mapping {unknown}
 r - 2 scrolls of poison
 u - a scroll of noise {unknown}
 w - 2 scrolls of silence {unknown}
 y - a scroll of blinking {unknown}
Potions
 d - a potion of mutation
 n - a potion of might {unknown}
 t - a potion of berserk rage {unknown}
 v - a potion of flight {unknown}
 x - a potion of cancellation {unknown}
 z - a potion of brilliance {unknown}
 A - a potion of degeneration {unknown}


   Skills:
 + Level 7.5 Dodging
 - Level 2.4 Stealth
 + Level 10.7 Spellcasting
 + Level 9.3 Conjurations
 - Level 1.1 Summonings
 - Level 3.0 Translocations
 + Level 6.3 Fire Magic
 - Level 3.0 Air Magic
 - Level 4.0 Poison Magic


You had 24 spell levels left.
You knew the following spells:

 Your Spells              Type           Power      Damage    Failure   Level
a - Magic Dart            Conj           100%       1d8       1%          1
b - Blink                 Tloc           54%        N/A       2%          2
c - Mephitic Cloud        Conj/Pois/Air  38%        N/A       1%          3

Your spell library contained the following spells:

 Spells                   Type           Power      Damage    Failure   Level
 Foxfire                  Conj/Fire      100%       2x1d9     1%          1
 Scorch                   Fire           86%        2d9       1%          2
 Flame Wave               Conj/Fire      50%        2d12      1%          4
 Cigotuvi's Dreadful Rot  Necr/Pois/Air  48%        N/A       2%          2
 Lesser Beckoning         Tloc           54%        N/A       2%          2
 Summon Small Mammal      Summ           72%        N/A       3%          1
 Slow                     Hex            48%        N/A       4%          1
 Call Imp                 Summ           36%        N/A       4%          2
 Gell's Gravitas          Tloc           27%        N/A       4%          3
 Teleport Other           Tloc           27%        N/A       4%          3
 Sublimation of Blood     Necr           12%        N/A       8%          2
 Wereblood                Tmut           12%        N/A       8%          2
 Call Canine Familiar     Summ           18%        N/A       10%         3
 Summon Guardian Golem    Hex/Summ       15%        N/A       12%         3
 Summon Cactus Giant      Summ           9%         N/A       99%         6
 Summon Hydra             Summ           9%         N/A       100%        7


Dungeon Overview and Level Annotations

Branches:
Dungeon (9/15)             Temple (1/1) D:6
   Lair: D:8-11         Orc: D:9-12

Altars:
Ashenzari
Cheibriados
Dithmenos
Elyvilon
Fedhas
Gozag
Hepliaklqana
Kikubaaqudgha
Makhleb
Nemelex Xobeh
Okawaru
Qazlal
Ru
Sif Muna
Trog
Uskayaw
Vehumet
Wu Jian
Xom
Yredelemnul
Zin
The Shining One

Annotations:
D:6 exclusion: downstairs
D:7 1 runed translucent door, Crazy Yiuf, Maggie
D:8 Gastronok


Message History

Casting: Magic Dart (safe; 1% risk of failure)
Confirm with . or Enter, or press ? or * to list all spells.
Aiming: Magic Dart (safe; 1% risk of failure)
Press: ? - help, Shift-Dir - straight line, f/p - manticore
Aim: a manticore (heavily wounded, confused, 100% to hit)
The magic dart hits the manticore.
The manticore is heavily wounded.
The manticore bites you! The manticore closely misses you.
The manticore claws you!
Casting: Magic Dart (safe; 1% risk of failure)
Confirm with . or Enter, or press ? or * to list all spells.
Aiming: Magic Dart (safe; 1% risk of failure)
Press: ? - help, Shift-Dir - straight line, f/p - manticore
Aim: a manticore (heavily wounded, confused, 100% to hit)
The magic dart hits the manticore.
The manticore is severely wounded.
Casting: Magic Dart (safe; 1% risk of failure)
Confirm with . or Enter, or press ? or * to list all spells.
Aiming: Magic Dart (safe; 1% risk of failure)
Press: ? - help, Shift-Dir - straight line, f/p - manticore
Aim: a manticore (severely wounded, confused, 100% to hit)
The magic dart hits the manticore but does no damage.
The manticore is severely wounded.
The manticore seems less confused.
The manticore closely misses you. The manticore completely misses you.
The manticore barely misses you.
Casting: Magic Dart (safe; 1% risk of failure)
Confirm with . or Enter, or press ? or * to list all spells.
Aiming: Magic Dart (safe; 1% risk of failure)
Press: ? - help, Shift-Dir - straight line, f/p - manticore
Aim: a manticore (severely wounded, 100% to hit)
The magic dart hits the manticore.
The manticore is severely wounded.
The manticore bites you!!
* * * LOW HITPOINT WARNING * * *
The manticore barely misses you. The manticore closely misses you.
Okay, then.
The air fills with toxic fumes!
As you read the scroll labelled RORHEI ITAI, it crumbles to dust.
It was a scroll of poison.
The manticore bites you!
You die...

##.## #.# #.####..# #.....# ....#
#.# #(......# #.##.## ....####.#
#.#####!# #.##.#
......##.#####.§§§...# #.##.#
..).#..>....H..§§###.# #.##.#
.)..########.#.#§# #.# #.##.#
#.### ###§#.#§# #.# #.##.# #.#
#§§§§§#§###.#####.##.# #.#
#.#.##§@§##.......##.# #.#
#.#§§§H§§§§§########.#
#.########.#§##§§§##§########.###
........##.#.###§#§..§§..........
#............# #§§§#.########.###
.............####§§#.# #.#
..#####.#.#......§.§.# #.# ###
#.#...#####§§§.# #.# #
#..............########.#


You could see a manticore.

Vanquished Creatures
  Pikel (D:4)
  Joseph (D:7)
  Psyche (D:8)
  2 hornets
  Prince Ribbit (D:8)
  Sigmund (D:6)
  A water moccasin (D:7)
  Duvessa (D:5)
  2 orc warriors (D:7)
  3 sky beasts
  4 ogres
  2 black bears (D:5)
  3 lemures
  4 phantoms
  A bullfrog (D:8)
  A gnoll sergeant (D:7)
  5 wights
  Dowan (D:5)
  3 jellies (D:5)
  5 hounds
  6 orc priests
  A sleepcap (D:6)
  A gnoll bouda (D:5)
  4 iguanas (D:5)
  11 orc wizards
  15 gnolls
  6 adders
  A shadow imp (D:6)
  3 white imps
  2 ufetubi
  A worm (D:3)
  4 dart slugs
  26 orcs
  3 bats
  9 endoplasms
  A giant cockroach (D:4)
  3 goblins
  5 hobgoblins
  4 kobolds
  2 quokkas
  2 training dummies (D:5)
  3 ball pythons
  A frilled lizard (D:2)
  13 rats
170 creatures vanquished.

Notes
Turn   | Place    | Note
-------+----------+-------------------------------------------
     0 | D:1      | pk666 the Deep Elf Hedge Wizard began the quest for the
                  | Orb.
     0 | D:1      | Reached XP level 1. HP: 10/10 MP: 7/7
   455 | D:1      | Reached XP level 2. HP: 15/15 MP: 3/9
  1310 | D:2      | Reached XP level 3. HP: 19/19 MP: 4/11
  1380 | D:2      | Learned a level 2 spell: Blink
  1384 | D:2      | Learned a level 3 spell: Mephitic Cloud
  2186 | D:3      | Reached skill level 1 in Poison Magic
  2281 | D:3      | Reached skill level 5 in Spellcasting
  2281 | D:3      | Reached XP level 4. HP: 24/24 MP: 8/13
  2418 | D:3      | Reached skill level 1 in Air Magic
  2485 | D:3      | Found an opulent altar of Gozag.
  2485 | D:3      | Found an iron altar of Okawaru.
  2485 | D:3      | Found a broken altar of Ashenzari.
  2538 | D:3      | Found a faded altar of an unknown god.
  2783 | D:4      | Noticed a lemure
  2790 | D:4      | Noticed an ogre
  2793 | D:4      | Noticed a lemure
  2938 | D:4      | Noticed a lemure
  2980 | D:4      | Killed a lemure
  3083 | D:3      | Reached XP level 5. HP: 18/28 MP: 7/14
  3261 | D:4      | Noticed an ogre
  3270 | D:4      | Killed an ogre
  3335 | D:3      | Reached XP level 6. HP: 23/32 MP: 0/16
  3855 | D:4      | Noticed Pikel
  3862 | D:5      | Entered Level 5 of the Dungeon
  4240 | D:5      | Noticed a hornet
  4522 | D:4      | Reached skill level 6 in Spellcasting
  4522 | D:4      | Reached skill level 5 in Conjurations
  4522 | D:4      | Reached XP level 7. HP: 36/36 MP: 2/18
  4771 | D:4      | Found a blossoming altar of Fedhas.
  4792 | D:4      | Killed Pikel
  4793 | D:4      | Reached skill level 7 in Spellcasting
  5053 | D:5      | Reached XP level 8. HP: 41/41 MP: 16/21
  5188 | D:5      | Reached skill level 1 in Fire Magic
  6025 | D:5      | Reached skill level 8 in Spellcasting
  6029 | D:5      | Killed a hornet
  6396 | D:5      | Noticed Duvessa
  6396 | D:5      | Noticed Dowan
  6409 | D:5      | Killed Duvessa
  6417 | D:5      | Killed Dowan
  6950 | D:6      | Reached skill level 5 in Dodging
  6950 | D:6      | Reached XP level 9. HP: 45/45 MP: 11/23
  7038 | D:6      | Noticed Sigmund
  7221 | D:6      | Found a staircase to the Ecumenical Temple.
  7233 | Temple   | Entered the Ecumenical Temple
  7336 | Temple   | Became a worshipper of Vehumet
  7556 | D:6      | Reached skill level 9 in Spellcasting
  7780 | D:6      | Killed Sigmund
  9013 | D:7      | Reached skill level 5 in Fire Magic
  9765 | D:7      | Reached * piety under Vehumet
  9765 | D:7      | Offered knowledge of Foxfire by Vehumet.
  9805 | D:7      | Reached skill level 10 in Spellcasting
 10120 | D:7      | Noticed Joseph
 10254 | D:7      | Found a runed translucent door.
 10255 | D:7      | Noticed Crazy Yiuf
 10255 | D:7      | Noticed Maggie
 10848 | D:7      | Killed Joseph
 10849 | D:7      | Reached XP level 10. HP: 50/50 MP: 11/26
 11098 | D:8      | Noticed a manticore
 11406 | D:8      | Paralysed by a hornet for 1 turns
 11441 | D:8      | Paralysed by a hornet for 3 turns
 11443 | D:8      | HP: 1/50 [hornet (4)]
 11897 | D:8      | Noticed Prince Ribbit
 11917 | D:8      | Killed Prince Ribbit
 11997 | D:8      | Noticed Psyche
 12018 | D:8      | Killed Psyche
 12099 | D:8      | Found a basalt altar of Yredelemnul.
 12348 | D:8      | Noticed Gastronok
 12597 | D:8      | Slain by a manticore

Illustrated notes

Levels and vault maps discovered:
D:1:      nzn_arrival_crosshair, layout_loops_ring, minmay_rat_gold_closets
D:2:      layout_rooms
D:3:      layout_loops_ring, gammafunk_temple_overflow_claw,
          hellmonk_ecumenical_altar_pennies_from_heaven
D:4:      layout_cave_pools, fedhas_ov_isle_minmay, st_stairs_11, uniq_pikel
D:5:      dreamdust_elfheim, layout_basic, st_stairs_3, minmay_chambers_of_fives
D:6:      layout_cave_pools, minmay_temple_entry_trees, uniq_sigmund
D:7:      layout_rooms, uniq_crazy_yiuf_cottage, uniq_joseph, uniq_maggie
D:8:      layout_loops_ring, mainiacjoe_overflow_alcove_4, uniq_prince_ribbit1,
          uniq_gastronok, uniq_psyche
D:9:      layout_rooms, lair_entry_dummy
Temple:   bh_familiar_temple

Skill      XL: |  1  2  3  4  5  6  7  8  9 10 |
---------------+-------------------------------+-----
Conjurations   | 2 3 4 5 6 7 8 9 |  9.3
Translocations | 2 3 |  3.0
Poison Magic   | 1 2 3 4 |  4.0
Spellcasting   | 5 6 7 8 10 | 10.7
Air Magic      | 1 2 3 |  3.0
Fire Magic     | 3 5 6 |  6.3
Dodging        | 5 7 |  7.5
Stealth        | |  2.4
Summonings     | |  1.1

Action                     |  1- 3 |  4- 6 |  7- 9 | 10-12 || total
---------------------------+-------+-------+-------+-------++-------
  Melee: Dagger            |       |    14 |    22 |     3 ||    39
         Punch             |       |       |     1 |       ||     1
   Cast: Magic Dart        |    95 |   163 |   490 |    98 ||   846
         Mephitic Cloud    |       |    13 |    35 |    25 ||    73
         Blink             |       |     7 |     2 |     2 ||    11
    Use: Potion            |       |     3 |     1 |     1 ||     5
         Scroll            |       |       |       |     5 ||     5
   Stab: Confused          |       |       |     3 |     2 ||     5
 Armour: Robe              |     5 |    15 |     8 |       ||    28
         Skin              |       |    10 |     7 |       ||    17
  Dodge: Dodged            |    15 |    29 |    62 |    28 ||   134

Table legend: (Time is in decaauts)
 A = Elapsed time spent in this place.
 B = Non-inter-level travel time spent in this place.
 C = Inter-level travel time spent in this place.
 D = Time resting spent in this place.
 E = Time spent auto-exploring this place.
 F = Levels seen in this place.
 G = Mean time per level.
                   A        B        C        D        E       F      G
               +--------+--------+--------+--------+--------+-----+--------+
         Total |  12646 |  12113 |    533 |   4655 |   5282 |  10 | 1264.6 |
       Dungeon |  12387 |  11885 |    502 |   4599 |   5127 |   9 | 1376.3 |
        Temple |    258 |    227 |     31 |     56 |    155 |   1 |  258.0 |
               +--------+--------+--------+--------+--------+-----+--------+

Top non-repeatable levels by time:
     D:5: 2507 daAuts
     D:7: 2141 daAuts
     D:6: 1672 daAuts
     D:3: 1585 daAuts
     D:8: 1501 daAuts
     D:1: 1158 daAuts
     D:4: 1152 daAuts
     D:2: 657 daAuts
  Temple: 258 daAuts
     D:9: 11 daAuts
